 Dungeon Crawl Stone Soup version 0.28.0-45-g0d030f2227 (webtiles) character file.

Game seed: 6249575895000220640

489 VictoriousLee the Changer (level 7, 0/43 HPs)
             Began as an Octopode Transmuter on Apr 15, 2022.
             Slain by an orc wizard
             ... wielding a +0 dagger
              (4 damage)
             ... on level 4 of the Dungeon.
             The game lasted 00:13:03 (4378 turns).

VictoriousLee the Changer (Octopode Transmuter)     Turns: 4378, Time: 00:13:04

Health: 0/43       AC:  1    Str: 10    XL:     7   Next: 14%
Magic:  10/10      EV: 13    Int: 17    God:
Gold:   69         SH:  0    Dex: 12    Spells: 4/10 levels left

rFire   . . .      SeeInvis .   l - staff of conjuration
rCold   . . .      Faith    .   (no shield)
rNeg    . . .      Spirit   .   (helmet restricted)
rPois   .          Reflect  .   g - amulet of the acrobat
rElec   .          Harm     .   (no ring)
rCorr   .          Rampage  .   (no ring)
Will    .....                   (no ring)
Stlth   ++........              (no ring)
HPRegen 0.14/turn               (no ring)
MPRegen 0.12/turn               (no ring)
                                (no ring)
                                (no ring)

@: no status effects
A: almost no armour, amphibious, 8 rings, camouflage 1, gelatinous body 1,
(nimble swimmer 1), tentacles
a: no special abilities


You were on level 4 of the Dungeon.
You visited 1 branch of the dungeon, and saw 4 of its levels.

You collected 69 gold pieces.

Inventory:

Hand Weapons
 b - a +0 dagger
 p - a +2 vorpal hand axe
Missiles
 d - 128 stones
 k - 17 arrows
 q - 9 poisoned darts
Magical Staves
 l - a staff of conjuration (weapon)
Jewellery
 g - an amulet of the acrobat (around mantle)
Wands
 a - a wand of flame (24)
Scrolls
 c - 3 scrolls of identify {unknown}
 e - a scroll of holy word {unknown}
 i - a scroll of teleportation {unknown}
 n - a scroll of magic mapping {unknown}
 o - 2 scrolls of blinking {unknown}
 r - a scroll of enchant weapon {unknown}
Potions
 f - a potion of flight {unknown}
 h - a potion of might {unknown}
 j - 2 potions of ambrosia {unknown}
 m - a potion of curing {unknown}


   Skills:
 - Level 1.0 Fighting
 - Level 0.2 Short Blades
 - Level 2.0 Dodging
 - Level 5.0 Unarmed Combat
 - Level 2.0 Spellcasting
 * Level 5.5 Transmutations
 + Level 2.6 Ice Magic


You had 4 spell levels left.
You knew the following spells:

 Your Spells              Type           Power      Damage    Failure   Level
a - Beastly Appendage     Tmut           40%        N/A       1%          1
b - Ice Form              Ice/Tmut       15%        N/A       34%         4
c - Animate Skeleton      Necr           2%         N/A       19%         1

Your spell library contained the following spells:

 Spells                   Type           Power      Damage    Failure   Level
 Wereblood                Tmut           20%        N/A       3%          2
 Apportation              Tloc           2%         N/A       19%         1
 Summon Small Mammal      Summ           4%         N/A       19%         1
 Spider Form              Tmut/Pois      11%        N/A       19%         3
 Dazzling Flash           Conj/Hex       4%         N/A       50%         3
 Gell's Gravitas          Tloc           1%         N/A       50%         3
 Lesser Beckoning         Tloc           1%         N/A       50%         3
 Teleport Other           Tloc           1%         N/A       50%         3
 Iskenderun's Mystic Bla  Conj/Tloc      2%         2d3       88%         4
 Starburst                Conj/Fire      1%         6d3       100%        6


Dungeon Overview and Level Annotations

Branches:
Dungeon (4/15)
 Temple: D:4-7

Altars:

Shops:
D:3 !


Innate Abilities, Weirdness & Mutations

You cannot wear most types of armour.
You are amphibious.
You can wear up to eight rings at the same time.
Your skin changes colour to match your surroundings (Stealth+).
Your rubbery body absorbs attacks. (AC +1, EV +1)
((You are camouflaged when in or above water. (Stealth+)))
You have tentacles for arms and can constrict up to eight enemies at once.


Message History

You kill the orc!
An orc wizard comes into view. It is wielding a +0 dagger.
The orc closely misses you.
You hit the orc but do no damage. You grab the orc. You squeeze the orc.
The orc is lightly wounded.
You constrict the orc. The orc misses you.
You hit the orc. You squeeze the orc.
You kill the orc!
The orc wizard gestures wildly while chanting.
The orc wizard flickers and vanishes!
Something misses you.
Your transformation is almost over.
Something hits you.
You barely miss something.
Your tentacle spike misses something.
Something hits you.
You miss something.
Your tentacle spike misses something.
Something hits you.
You miss something.
You pierce something.
Something hits you.
You miss something.
Your tentacle spike misses something.
Something hits you. x2
You hit something but do no damage. Something hits you.
You hit something.
You pierce something.
Something hits you.
You hit something but do no damage.
Your tentacle spike disappears.
You hear some strange, mumbled words.
A puff of flame appears from out of thin air!
The puff of flame hits you.
You hit something.
You hear some strange, mumbled words.
A puff of flame appears from out of thin air!
The puff of flame hits you!
* * * LOW HITPOINT WARNING * * *
You hit something but do no damage. Your squeeze misses something.
Something completely misses you.
You hear some strange, mumbled words.
A magic dart appears from out of thin air!
The magic dart hits you.
* * * LOW HITPOINT WARNING * * *
You hit something. Something hits you.
* * * LOW HITPOINT WARNING * * *
You hit something but do no damage. Something hits you.
You die...

...#.# #.........#...# #
...#.#####.......#.⌠.# .#
...............#.#...#≈≈#.
.................≈###≈≈≈≈#
......########....≈≈≈≈≈≈≈≈
..................≈≈≈≈≈≈≈≈
.......#########.≈###≈≈≈≈#
...#....).... #.#...#≈≈#.
...#...###### #@#.⌠.# .#
....<.....#### #{#...# #
..###........# #J.###.. .
#.....)....# #... ...
#.#..........#..## ..#
#............#... .#
###########..#.## .#..


You could see a jelly.

Vanquished Creatures
  A black bear (D:3)
  A necrophage (D:2)
  An ogre (D:4)
  Natasha (thrice) (D:2)
  Robin (D:3)
  4 adders
  An adder skeleton (D:4)
  3 dart slugs
  5 orcs
  3 ball pythons
  8 bats
  6 endoplasms
  4 giant cockroaches
  16 goblins
  16 hobgoblins
  6 jackals
  3 kobolds
  3 quokkas
  3 frilled lizards
  6 rats
94 creatures vanquished.

Notes
Turn   | Place    | Note
-------+----------+-------------------------------------------
     0 | D:1      | VictoriousLee the Octopode Transmuter began the quest for
                  | the Orb.
     0 | D:1      | Reached XP level 1. HP: 13/13 MP: 3/3
    37 | D:1      | Found a faded altar of an unknown god.
    71 | D:1      | Reached XP level 2. HP: 12/18 MP: 3/5
   288 | D:1      | Reached XP level 3. HP: 15/23 MP: 4/6
  1243 | D:2      | Reached XP level 4. HP: 27/28 MP: 7/7
  1303 | D:2      | Noticed a necrophage
  1315 | D:2      | Killed a necrophage
  1316 | D:2      | Reached skill level 5 in Unarmed Combat
  1316 | D:2      | Reached XP level 5. HP: 20/33 MP: 6/8
  1847 | D:2      | Noticed Natasha
  1864 | D:2      | Killed Natasha
  1992 | D:2      | Noticed Natasha
  2004 | D:2      | Killed Natasha
  2005 | D:2      | Reached skill level 1 in Ice Magic
  2292 | D:2      | Noticed Natasha
  2307 | D:2      | Killed Natasha
  2308 | D:2      | Reached XP level 6. HP: 22/38 MP: 9/9
  2791 | D:3      | Noticed a black bear
  2800 | D:3      | Killed a black bear
  3045 | D:3      | Noticed Robin
  3074 | D:3      | Killed Robin
  3353 | D:3      | Reached skill level 5 in Transmutations
  3660 | D:3      | Learned a level 4 spell: Ice Form
  3674 | D:3      | Learned a level 1 spell: Animate Skeleton
  3732 | D:3      | Found Pufut's Distillery.
  4309 | D:4      | Reached XP level 7. HP: 43/43 MP: 10/10
  4378 | D:4      | Slain by an orc wizard

Illustrated notes

Levels and vault maps discovered:
D:1:      wander_arrival_desolate, layout_rooms,
          hellmonk_ecumenical_altar_heavens_door, grunt_decor_cap
D:2:      layout_loops_ring, serial_glass, glass_columns_a, glass_columns_c,
          glass_columns_b, glass_columns_c, due_unseen_surprise,
          minmay_strange_pillars, feat_on_display, st_stairs_7, uniq_natasha
D:3:      layout_loops_corners, serial_shops, shop, grunt_decor_junction,
          uniq_robin
D:4:      layout_basic, minmay_temple_entry_junction, minmay_parallelograms,
          fountainhead, uniq_eustachio, uniq_duvessa

Skill      XL: |  1  2  3  4  5  6 |
---------------+-------------------+-----
Unarmed Combat | 4 5 |  5.0
Transmutations | 3 4 5 |  5.5
Ice Magic      | 1 2 |  2.6
Fighting       | |  1.0
Short Blades   | |  0.2
Dodging        | |  2.0
Spellcasting   | |  2.0

Action                   |  1- 3 |  4- 6 |  7- 9 || total
-------------------------+-------+-------+-------++-------
Melee: Unarmed           |    14 |       |       ||    14
       Tentacles         |    11 |    24 |     3 ||    38
       Constrict         |    23 |    33 |     4 ||    60
       Dagger            |    73 |    51 |       ||   124
       Kick              |    23 |    37 |     3 ||    63
       Punch             |     1 |     9 |       ||    10
       Staff             |       |    65 |    18 ||    83
 Cast: Beastly Appendage |    16 |    14 |     1 ||    31
  Use: Potion            |       |     1 |       ||     1
 Stab: Sleeping          |       |     2 |     1 ||     3
       Distracted        |       |     1 |       ||     1
Armor: Skin              |     6 |     8 |       ||    14
Dodge: Dodged            |    44 |    77 |     7 ||   128
